 Dungeon Crawl Stone Soup version 0.30-a0-341-g6827065 (webtiles) character file.

Game seed: 7715646592593048341

616 Dorkslayer the Slasher (level 7, -3/48 HPs)
             Began as an Octopode Fighter on Nov 3, 2022.
             Slain by a black bear (5 damage)
             ... on level 5 of the Dungeon.
             The game lasted 00:09:01 (3405 turns).

Dorkslayer the Slasher (Octopode Fighter)           Turns: 3405, Time: 00:09:01

Health: -3/48      AC:  1    Str: 15    XL:     7   Next: 45%
Magic:  10/10      EV: 13    Int: 13    God:
Gold:   141        SH:  0    Dex: 11    Spells: 10/10 levels left

rFire   . . .      SeeInvis +    a - +0 long sword
rCold   . . .      Faith    .    b - +0 buckler
rNeg    . . .      Spirit   .    (helmet restricted)
rPois   .          Reflect  .    (no amulet)
rElec   .          Harm     .    g - ring of see invisible
rCorr   .          Rampage  .    (no ring)
Will    .....                    (no ring)
Stlth   ++........               (no ring)
HPRegen 0.28/turn                (no ring)
MPRegen 0.12/turn                (no ring)
                                 (no ring)
                                 (no ring)

@: confused, mighty, ambrosia-drunk
A: almost no armour, amphibious, 8 rings, camouflage 1, gelatinous body 1,
(nimble swimmer 1), tentacles
a: no special abilities


You were on level 5 of the Dungeon.
You visited 1 branch of the dungeon, and saw 5 of its levels.

You collected 141 gold pieces.

Inventory:

Hand Weapons
 a - a +0 long sword (weapon)
Missiles
 j - 4 javelins (quivered)
 q - 4 poisoned darts
Armour
 b - a +0 buckler (worn)
Jewellery
 g - a ring of see invisible (left tentacle)
Wands
 o - a wand of iceblast (17)
Scrolls
 d - a scroll of fear
 e - a scroll of noise {unknown}
 f - 3 scrolls of enchant armour
 h - a scroll of vulnerability {unknown}
 i - a scroll of poison {unknown}
 l - 2 scrolls of butterflies
 m - a scroll of teleportation {unknown}
 n - a scroll of brand weapon {unknown}
 p - a scroll of enchant weapon {unknown}
 t - a scroll of immolation {unknown}
Potions
 c - 2 potions of might
 k - a potion of brilliance
 s - 2 potions of mutation


   Skills:
 + Level 4.0 Fighting
 + Level 4.5 Long Blades
 + Level 1.9 Throwing
 + Level 3.6 Dodging
 + Level 4.5 Stealth
 + Level 3.4 Shields
 + Level 1.4 Unarmed Combat
 * Level 2.2 Spellcasting


You had 10 spell levels left.
You didn't know any spells.
Your spell library contained the following spells:

 Spells                   Type           Power      Damage    Failure   Level
 Portal Projectile        Hex/Tloc       2%         N/A       69%         3
 Tukima's Dance           Hex            1%         N/A       69%         3
 Blade Hands              Tmut           0%         N/A       100%        5
 Conjure Ball Lightning   Conj/Air       0%         3x3d7     100%        6
 Discord                  Hex            0%         N/A       100%        8
 Disjunction              Tloc           0%         N/A       100%        8


Dungeon Overview and Level Annotations

Branches:
Dungeon (4/15)
 Temple: D:4-7

Altars:
Kikubaaqudgha
Ru


Innate Abilities, Weirdness & Mutations

You cannot wear most types of armour.
You are amphibious.
You can wear up to eight rings at the same time.
Your skin changes colour to match your surroundings (Stealth+).
Your rubbery body absorbs attacks. (AC +1, EV +1)
((You are camouflaged when in or above water. (Stealth+)))
You have tentacles for arms and can constrict up to eight enemies at once.


Message History

You constrict the black bear. The black bear bites you.
The black bear claws you but does no damage.
The black bear claws you. The black bear misses you.
The black bear barely misses you. The black bear claws you.
You hit the black bear.
The black bear is lightly wounded.
You constrict the black bear. The black bear bites you.
The black bear misses you. The black bear barely misses you.
Okay, then.
You are confused.
You feel invigorated.
You constrict the black bear. The black bear bites you.
The black bear closely misses you. The black bear claws you.
* * * LOW HITPOINT WARNING * * *
You release your grip on the black bear.
You bump into the rock wall.
The black bear barely misses you. x2
The black bear claws you.
You closely miss the black bear.
The black bear is moderately wounded.
The black bear bites you. The black bear claws you.
* * * LOW HITPOINT WARNING * * *
The black bear closely misses you.
You bump into the rock wall.
The black bear bites you.
* * * LOW HITPOINT WARNING * * *
The black bear barely misses you. The black bear claws you.
* * * LOW HITPOINT WARNING * * *
You bump into the rock wall.
The black bear closely misses you. The black bear claws you.
* * * LOW HITPOINT WARNING * * *
The black bear claws you but does no damage.
You feel very mighty all of a sudden. The black bear bites you!
* * * LOW HITPOINT WARNING * * *
The black bear misses you. The black bear claws you.
* * * LOW HITPOINT WARNING * * *
You hit the black bear. Your squeeze misses the black bear.
The black bear is heavily wounded.
The black bear barely misses you. The black bear claws you.
* * * LOW HITPOINT WARNING * * *
The black bear claws you.
You die...

### ..# #.######
#.##!..##
#.#.....###
#@.<......#
#h#.....#[#
#......>##...##.#
###.....###.###.#
##........# #.#
##.#.#######.#
#.#.........#
#.#########.# #+
#.####


You could see a black bear.

Vanquished Creatures
  Sigmund (D:3)
  An ogre (D:5)
  A jelly (D:5)
  A gnoll bouda (D:5)
  An orc priest (D:3)
  Terence (D:2)
  An iguana (D:4)
  Natasha (thrice) (D:2)
  An orc wizard (D:3)
  4 adders (D:2)
  2 worms (D:2)
  3 dart slugs
  4 orcs
  10 ball pythons
  8 endoplasms
  4 giant cockroaches
  8 goblins
  5 hobgoblins
  4 jackals
  7 kobolds
  3 quokkas
  7 bats
  5 frilled lizards
  5 rats
90 creatures vanquished.

Vanquished Creatures (others)
  A goblin (D:1)
  19 plants (D:2)
20 creatures vanquished.

Grand Total: 110 creatures vanquished

Notes
Turn   | Place    | Note
-------+----------+-------------------------------------------
     0 | D:1      | Dorkslayer the Octopode Fighter began the quest for the
                  | Orb.
     0 | D:1      | Reached XP level 1. HP: 16/16 MP: 1/1
   111 | D:1      | Reached XP level 2. HP: 17/21 MP: 2/2
   546 | D:1      | Reached XP level 3. HP: 12/26 MP: 3/3
  1093 | D:2      | Noticed Terence
  1098 | D:2      | Killed Terence
  1099 | D:2      | Reached skill level 1 in Stealth
  1099 | D:2      | Reached XP level 4. HP: 28/31 MP: 4/4
  1188 | D:2      | Reached skill level 1 in Spellcasting
  1269 | D:2      | Noticed Natasha
  1277 | D:2      | Killed Natasha
  1278 | D:2      | Reached skill level 1 in Unarmed Combat
  1278 | D:2      | Reached XP level 5. HP: 10/36 MP: 6/6
  1495 | D:2      | Noticed Natasha
  1505 | D:2      | Killed Natasha
  1698 | D:2      | Noticed Natasha
  1704 | D:2      | Killed Natasha
  1947 | D:3      | Reached XP level 6. HP: 12/42 MP: 8/8
  2273 | D:3      | Found an ancient bone altar of Kikubaaqudgha.
  2463 | D:3      | Noticed Sigmund
  2488 | D:3      | Killed Sigmund
  2489 | D:3      | Reached skill level 1 in Throwing
  2777 | D:4      | Reached XP level 7. HP: 37/47 MP: 8/10
  3034 | D:4      | Found a sacrificial altar of Ru.
  3036 | D:4      | You fall into a shaft and drop 1 floor!
  3036 | D:5      | Entered Level 5 of the Dungeon
  3404 | D:5      | HP: 1/48 [black bear (3)]
  3405 | D:5      | Slain by a black bear

Illustrated notes

Levels and vault maps discovered:
D:1:      elethiomel_arrival_infinity_welcomes_careful_drivers, layout_rooms,
          st_stairs_1, minmay_tromino_v7
D:2:      layout_loops_corners, serial_bayou, serial_bayou_pond_d,
          serial_bayou_ford_a, serial_bayou_pond_b, serial_bayou_crossing,
          st_stairs_3, chequers_mini_garden, uniq_terence, uniq_natasha
D:3:      layout_loops_cross, nicolae_overflow_crystal_walls, uniq_sigmund
D:4:      layout_loops_ring, nicolae_ru_awakened_eye, serial_shops, shop, shop
D:5:      layout_loops_corners, serial_shops, nicolae_shop_statue_plus,
          kennysheep_generic_room_7, uniq_blork_the_orc

Skill      XL: |  1  2  3  4  5  6  7 |
---------------+----------------------+-----
Stealth        | 1 2 3 4 |  4.5
Spellcasting   | 1 2 |  2.2
Long Blades    | 3 4 |  4.5
Unarmed Combat | 1 |  1.4
Throwing       | 1 |  1.9
Fighting       | 4 |  4.0
Dodging        | |  3.6
Shields        | |  3.4

Action                   |  1- 3 |  4- 6 |  7- 9 || total
-------------------------+-------+-------+-------++-------
Melee: Long sword        |    70 |    80 |    35 ||   185
       Constrict         |    19 |    21 |     5 ||    45
       Tentacles         |    10 |    16 |     8 ||    34
       Punch             |       |     2 |     1 ||     3
Throw: Javelin           |       |     5 |     4 ||     9
  Use: Potion            |       |     3 |     3 ||     6
       Scroll            |       |     9 |     1 ||    10
 Stab: Sleeping          |     8 |     7 |     3 ||    18
       Invisible         |       |       |     1 ||     1
Armor: Skin              |     5 |     6 |     4 ||    15
Dodge: Dodged            |    33 |    43 |    26 ||   102
Block: Buckler           |    13 |    10 |     3 ||    26

Table legend: (Time is in decaauts)
 A = Elapsed time spent in this place.
 B = Non-inter-level travel time spent in this place.
 C = Inter-level travel time spent in this place.
 D = Time resting spent in this place.
 E = Time spent auto-exploring this place.
 F = Levels seen in this place.
 G = Mean time per level.
                   A        B        C        D        E       F      G
               +--------+--------+--------+--------+--------+-----+--------+
         Total |   3478 |   3478 |      0 |    210 |   2197 |   5 |  695.6 |
       Dungeon |   3478 |   3478 |      0 |    210 |   2197 |   5 |  695.6 |
               +--------+--------+--------+--------+--------+-----+--------+

Top non-repeatable levels by time:
     D:2: 1158 daAuts
     D:3: 954 daAuts
     D:1: 693 daAuts
     D:5: 375 daAuts
     D:4: 296 daAuts
